 Dungeon Crawl Stone Soup version 0.20.1-1-g8b1a95d (console) character file.

109 bli the Conjurer (level 4, -5/35 HPs)
             Began as a Draconian Conjurer on July 30, 2017.
             Slain by an iguana (9 damage)
             ... on level 4 of the Dungeon.
             The game lasted 00:13:52 (2882 turns).

bli the Conjurer (Draconian Conjurer)               Turns: 2882, Time: 00:13:53

Health: -5/35      AC:  6    Str: 10    XL:     4   Next: 60%
Magic:  3/8        EV: 13    Int: 17    God:
Gold:   107        SH:  0    Dex: 11    Spells: 6/9 levels left

rFire    . . .     SeeInvis .   n - +0 falchion
rCold    . . .     Gourm    .   (no shield)
rNeg     . . .     Faith    .   (armour unavailable)
rPois    .         Spirit   .   (helmet restricted)
rElec    .         Reflect  .   o - +0 cloak
rCorr    .         Harm     .   (no gloves)
MR       .....                  (no boots)
Stlth    ++........             (no amulet)
Regen    0.2/turn               (no ring)
MPRegen  0.2/turn               (no ring)

@: very slightly contaminated
A: unfitting armour, cold-blooded, AC +5
a: no special abilities


You were on level 4 of the Dungeon.
You were not hungry.

You visited 1 branch of the dungeon, and saw 4 of its levels.

You collected 107 gold pieces.

Inventory:

Hand Weapons
 n - a +0 falchion (weapon)
 q - a +0 morningstar
Missiles
 g - 154 stones (quivered)
Armour
 c - a +0 shield
 l - a +0 cloak
 o - a +0 cloak (worn)
Wands
 f - a wand of polymorph (9/24)
Scrolls
 d - a scroll of teleportation {unknown}
 e - 2 scrolls of remove curse {unknown}
 h - 2 scrolls of fog {unknown}
 k - a scroll of identify {unknown}
Potions
 j - 2 potions of lignification {unknown}
 p - a potion of curing {unknown}
 r - a potion of ambrosia {unknown}
 s - 2 potions of brilliance {unknown}
 t - a potion of flight {unknown}
 u - a potion of heal wounds
Books
 a - a book of Conjurations

   Spells                             Type                      Level
   a - Magic Dart                     Conjuration                  1
   b - Searing Ray                    Conjuration                  2
   c - Dazzling Spray                 Conjuration/Hexes            3
   d - Fulminant Prism                Conjuration/Hexes            4
   e - Force Lance                    Conjuration/Translocation    4
   f - Iskenderun's Mystic Blast      Conjuration                  4
Comestibles
 b - 2 bread rations
 i - 3 royal jellies


   Skills:
 + Level 1.4 Fighting
 * Level 2.8 Dodging
 - Level 2.0 Stealth
 - Level 3.0 Spellcasting
 * Level 4.4 Conjurations


You had 6 spell levels left.
You knew the following spells:

 Your Spells              Type           Power        Failure   Level  Hunger
a - Magic Dart            Conj           ###.         2%          1    None
b - Searing Ray           Conj           ###...       4%          2    ##.....


Dungeon Overview and Level Annotations

Branches:
Dungeon (4/15)
 Temple: D:4-7

Altars:
Ashenzari

Annotations:
D:3 DrClinical's ghost, amateur DsGl; Terence
D:4 Grinder


Innate Abilities, Weirdness & Mutations

Your plain brown scales are hard. (AC +5)
You cannot fit into any form of body armour.
You are cold-blooded and may be slowed by cold attacks.


Message History

Pain shoots through your body!
You barely miss Grinder.
Grinder is moderately wounded.
Grinder hits you.
You writhe in agony.
You hit Grinder but do no damage.
Grinder is moderately wounded.
Grinder hits you!
Grinder blinks!
You hit the iguana.
The iguana is lightly wounded.
The iguana bites you!
* * * LOW HITPOINT WARNING * * *
You barely miss the iguana.
The iguana is lightly wounded.
The iguana bites you but does no damage.
The iguana misses you.
You riposte.
You barely miss the iguana.
The iguana is lightly wounded.
You hit the iguana but do no damage.
Your tail-slap misses the iguana.
The iguana is lightly wounded.
The iguana bites you!
You die...

#.#.#.#
#.#.#.#
#.....#.#..
# #.#......l
#.#<.5.....#
#..<#.###..
#.#.# ###.
#.#.# #.5 #
#.# #.# #.#
#l# #.# #@#
#.# ### ...


You could see Grinder and an iguana.

Vanquished Creatures
  3 adders
  An ooze (D:2)
  3 worms
  2 leopard geckos (D:1)
  3 orcs (D:3)
  5 giant cockroaches
  6 hobgoblins
  7 jackals (D:2)
  12 kobolds
  A quokka (D:2)
  4 bats (D:1)
  7 frilled lizards
  6 goblins
  5 rats
65 creatures vanquished.

Notes
Turn   | Place    | Note
-------+----------+-------------------------------------------
     0 | D:1      | bli the Draconian Conjurer began the quest for the Orb.
     0 | D:1      | Reached XP level 1. HP: 14/14 MP: 3/3
   244 | D:1      | Reached XP level 2. HP: 19/20 MP: 1/5
   250 | D:1      | Learned a level 2 spell: Searing Ray
  1261 | D:2      | Reached XP level 3. HP: 27/27 MP: 2/7
  1533 | D:2      | Found a shattered altar of Ashenzari.
  1815 | D:2      | Reached skill level 1 in Fighting
  1815 | D:2      | Reached XP level 4. HP: 35/35 MP: 0/8
  2239 | D:3      | Noticed DrClinical's ghost (amateur DsGl)
  2259 | D:4      | Noticed Grinder
  2282 | D:3      | Noticed Terence
  2882 | D:4      | Slain by an iguana

Skill      XL: |  1  2  3 |
---------------+----------+-----
Dodging        | 2 |  2.8
Stealth        | 2 |  2.0
Spellcasting   | 3 |  3.0
Fighting       | 1 |  1.4
Conjurations   | |  4.4

Action                   |  1- 3 |  4- 6 || total
-------------------------+-------+-------++-------
Melee: Unarmed           |   126 |       ||   126
       Tailslap          |    10 |     3 ||    13
       Falchion          |       |    20 ||    20
 Cast: Magic Dart        |    87 |    52 ||   139
       Searing Ray       |       |     1 ||     1
 Stab: Sleeping          |     2 |       ||     2
  Eat: Chunk             |     4 |     3 ||     7
Armor: Skin              |    58 |     5 ||    63
Dodge: Dodged            |   100 |    10 ||   110
       Rpst.: Falchion   |       |     6 ||     6
